 Dungeon Crawl Stone Soup version 0.30-a0-782-ge64f9170bb (webtiles) character file.

Game seed: 4063928321501674089

63 alfthe the Trooper (level 3, -2/33 HPs)
             Began as a Draconian Berserker on Feb 21, 2023.
             Was a Believer of Trog.
             Slain by a goblin
             ... wielding a +0 club
             ... led by Robin
              (5 damage)
             ... on level 2 of the Dungeon.
             The game lasted 00:06:38 (1237 turns).

alfthe the Trooper (Draconian Berserker)            Turns: 1237, Time: 00:06:39

Health: -2/33      AC:  5    Str: 21    XL:     3   Next: 89%
Magic:  3/3        EV: 12    Int:  7    God:    Trog [**....]
Gold:   48         SH:  0    Dex: 10    Spells: 2/2 levels left

rFire   x . .      SeeInvis .    e - +0 rapier
rCold   + . .      Faith    .    (no shield)
rNeg    . . .      Spirit   .    (body armour unavailable)
rPois   .          Reflect  .    (helmet restricted)
rElec   .          Harm     .    (no cloak)
rCorr   .          Rampage  .    (no gloves)
Will    .....                    (no boots)
Stlth   +                        (no amulet)
HPRegen 0.25/turn                g - ring of ice
MPRegen 0.08/turn                (no ring)

@: no status effects
A: AC +5, unfitting armour, cold-blooded
a: Renounce Religion, Berserk, Trog's Hand


You were on level 2 of the Dungeon.
You worshipped Trog.
Trog was pleased with you.
You visited 1 branch of the dungeon, and saw 2 of its levels.

You collected 48 gold pieces.

Inventory:

Hand Weapons
 a - a +0 spear
 e - a +0 rapier (weapon)
Armour
 d - a +0 crystal plate armour
Jewellery
 g - a ring of ice (left hand)
Scrolls
 b - 2 scrolls of identify {unknown}
Potions
 f - a potion of might {unknown}


   Skills:
 + Level 3.9 Fighting
 + Level 3.5 Polearms
 + Level 3.5 Dodging
 + Level 0.2 Stealth


You had 2 spell levels left.
You didn't know any spells.
Your spell library contained the following spells:

 Spells                   Type           Power      Damage    Failure   Level
 Dazzling Flash           Conj/Hex       0%         N/A       80%         3
 Iskenderun's Mystic Bla  Conj/Tloc      0%         2d3       99%         4
 Starburst                Conj/Fire      0%         6d3       100%        6


Dungeon Overview and Level Annotations

Branches:
Dungeon (2/15)

Altars:

Annotations:
D:2 Robin


Innate Abilities, Weirdness & Mutations

Your plain brown scales are hard. (AC +5)
You cannot fit into any form of body armour.
You are cold-blooded and may be slowed by cold attacks.


Message History

Robin roars a battlecry!
The goblins go into a battle-frenzy!
You hit the goblin.
You kill the goblin!
Trog accepts your kill. The bat hits you but does no damage.
The goblin hits you but does no damage.
Robin laughs in a distinctly smug fashion.
You hit the goblin.
The goblin is severely wounded.
The bat misses you. The goblin barely misses you.
The goblin closely misses you. Robin throws the goblin at you!
The goblin barely misses you.
You completely miss the goblin. The bat hits you but does no damage.
The bat closely misses you. The goblin hits you with a +0 dagger.
The goblin misses you. The goblin hits you but does no damage.
Robin throws the goblin at you!
You barely miss the goblin.
Your tail-slap misses the goblin.
The goblin completely misses you. The goblin misses you.
The goblin hits you with a +0 club. The goblin hits you but does no damage.
You completely miss the goblin. The goblin barely misses you.
The goblin closely misses you. The goblin barely misses you.
The goblin hits you with a +0 club.
You hit the goblin.
You kill the goblin!
Trog accepts your kill. Robin throws the goblin at you!
The goblin hits you but does no damage. The goblin misses you.
The goblin hits you with a +0 dagger.
* * * LOW HITPOINT WARNING * * *
The goblin misses you.
You miss the goblin. The goblin hits you but does no damage.
The goblin barely misses you. The goblin misses you.
The goblin closely misses you. The goblin hits you with a +0 dagger.
* * * LOW HITPOINT WARNING * * *
The goblin barely misses you. x2; The goblin hits you with a +0 club.
* * * LOW HITPOINT WARNING * * *
You puncture the goblin!
You kill the goblin!
Trog accepts your kill. The goblin hits you with a +0 club.
You die...

.......#.### #.#
......##...# #.#
......####.#####.#
..............##.#######
##
....##..####............
.. ....###..#
##..).######. .. ....#
##.######..# .#### ...##
#.......gg########.....#
..##
#......bg@g...).........
###
##......########.gg.....
######## #........
#gg...... #..<.....
#.......! #........
##.......


You could see Robin, 3 goblins and a bat.

Vanquished Creatures
  2 adders (D:2)
  A worm (D:2)
  A dart slug (D:1)
  3 ball pythons (D:1)
  2 bats
  3 endoplasms
  3 giant cockroaches (D:1)
  3 hobgoblins
  2 quokkas
  2 frilled lizards (D:1)
  11 goblins
  4 kobolds (D:1)
  3 rats
40 creatures vanquished.

Notes
Turn   | Place    | Note
-------+----------+-------------------------------------------
     0 | D:1      | alfthe the Draconian Berserker began the quest for the Orb.
     0 | D:1      | Reached XP level 1. HP: 19/19 MP: 1/1
   311 | D:1      | Reached XP level 2. HP: 25/27 MP: 2/2
   780 | D:2      | Reached ** piety under Trog
   800 | D:2      | Reached XP level 3. HP: 11/33 MP: 3/3
  1207 | D:2      | Noticed Robin
  1237 | D:2      | Slain by a goblin

Illustrated notes

Levels and vault maps discovered:
D:1:      amcnicky_arrival_single_pillar, layout_loops_cross
D:2:      layout_rooms, grunt_ministairs_10, uniq_robin

Skill      XL: |  1  2 |
---------------+-------+-----
Dodging        | 3 |  3.5
Fighting       | |  3.9
Polearms       | |  3.5
Stealth        | |  0.2

Action                     || total
---------------------------++-------
  Melee: Spear             ||    64
         Tailslap          ||    16
         Rapier            ||    69
         Punch             ||     1
    Use: Scroll            ||     1
 Armour: Skin              ||    67
  Dodge: Dodged            ||   122

Table legend: (Time is in decaauts)
 A = Elapsed time spent in this place.
 B = Non-inter-level travel time spent in this place.
 C = Inter-level travel time spent in this place.
 D = Time resting spent in this place.
 E = Time spent auto-exploring this place.
 F = Levels seen in this place.
 G = Mean time per level.
                   A        B        C        D        E       F      G
               +--------+--------+--------+--------+--------+-----+--------+
         Total |   1247 |   1055 |    192 |      0 |    677 |   2 |  623.5 |
       Dungeon |   1247 |   1055 |    192 |      0 |    677 |   2 |  623.5 |
               +--------+--------+--------+--------+--------+-----+--------+

Top non-repeatable levels by time:
     D:1: 703 daAuts
     D:2: 543 daAuts
